Arizona Coyotes vs Tampa Bay Lightning
Created - Sunday, May 26, 2024 at 06:53
Goals
|
| Arizona Coyotes |
3 |
3 |
0 |
6 |
| Tampa Bay Lightning |
2 |
2 |
0 |
4 |
|
Shots
|
| Arizona Coyotes |
21 |
10 |
10 |
41 |
| Tampa Bay Lightning |
13 |
12 |
11 |
36 |
|
1st period
1. Arizona Coyotes , Charlie Coyle 25 (Mats Zuccarello 44, Claude Giroux 39) at 2:39
2. Arizona Coyotes , Claude Giroux 17 (Mats Zuccarello 45) at 5:45 (PP)
3. Tampa Bay Lightning , Kirill Kaprizov 30 (Anze Kopitar 50, Johnny Gaudreau 53) at 11:38
4. Tampa Bay Lightning , Anze Kopitar 26 (Ryan Graves 8, Kirill Kaprizov 31) at 15:17
5. Arizona Coyotes , Mats Zuccarello 30 (Claude Giroux 40, Charlie Coyle 41) at 17:30
Penalties :
Kirill Kaprizov (TBL) for Tripping (Minor) at 5:38, Hampus Lindholm (TBL) for High sticking (Minor) at 11:58, Moritz Seider (TBL) for Slashing (Minor) at 17:37
2nd period
6. Arizona Coyotes , Ondrej Palat 18 (Mason McTavish 32, Tyler Seguin 37) at 0:58 (PP)
7. Tampa Bay Lightning , Kirill Kaprizov 31 (Darnell Nurse 20) at 1:35
8. Arizona Coyotes , Ondrej Palat 19 (Jani Hakanpaa 21, Mason McTavish 33) at 2:39
9. Arizona Coyotes , Ross Colton 4 (Brandon Tanev 9, Brock McGinn 3) at 13:58
10. Tampa Bay Lightning , Anze Kopitar 27 (Kirill Kaprizov 32, Johnny Gaudreau 54) at 17:50
Penalties :
Darnell Nurse (TBL) for Tripping (Minor) at 0:11, Radko Gudas (AZC) for Hooking (Minor) at 8:05, Ross Colton (AZC) for Hooking (Minor) at 10:12, Travis Konecny (TBL) for Cross-checking (Minor) at 17:57
3rd period
No Goal
Penalties :
Johnny Gaudreau (TBL) for Hooking (Minor) at 7:37, Hampus Lindholm (TBL) for Hooking (Minor) at 11:04, Dylan Cozens (TBL) for Roughing (Minor) at 14:01, Jani Hakanpaa (AZC) for Roughing (Minor) at 18:17
Goalie Stats
Carter Hart (AZC), 32 saves from 36 shots - (0.889), W, 29-31-5, 60:00 minutes
Filip Gustavsson (TBL), 35 saves from 41 shots - (0.854), L, 38-18-4, 60:00 minutes
Players Stats for Arizona Coyotes
Player Name G A P +/- PIM S H SB GA TA FO MP PP MP PK MP
------------------------------------------------------------------------------------
Brandon Tanev 0 1 1 1 0 1 0 0 0 0 0/0 6:55 0:49 0:00
Brayden McNabb 0 0 0 0 0 0 4 1 0 0 0/0 24:02 7:16 2:58
Brock McGinn 0 1 1 1 0 1 0 0 0 1 0/0 6:06 0:00 0:00
Charlie Coyle 1 1 2 1 0 4 0 0 0 1 0/0 20:05 5:05 2:50
Claude Giroux 1 2 3 1 0 3 0 1 0 0 13/19 20:05 5:05 2:50
Erik Haula 0 0 0 -2 0 0 1 0 1 0 8/14 11:49 1:02 0:00
Jakob Silfverberg 0 0 0 -2 0 0 0 1 0 0 0/1 11:55 1:08 0:00
James van Riemsdyk 0 0 0 -2 0 1 0 0 0 1 0/1 11:26 0:16 0:16
Jani Hakanpaa 0 1 1 0 2 2 1 0 0 1 0/0 24:05 5:32 1:48
Jared Spurgeon 0 0 0 0 0 0 1 1 0 0 0/0 25:00 5:32 2:42
Johnathan Kovacevic 0 0 0 0 0 0 1 4 0 1 0/0 10:58 0:00 0:00
Mason McTavish 0 2 2 0 0 6 1 0 2 0 0/2 19:20 6:35 0:16
Mats Zuccarello 1 2 3 1 0 5 1 0 3 1 2/3 19:58 5:14 2:34
Matt Dumba 0 0 0 0 0 0 1 1 0 0 0/0 13:03 0:00 2:13
Ondrej Palat 2 0 2 0 0 8 1 0 0 0 0/2 18:57 6:35 0:00
Radko Gudas 0 0 0 0 2 4 2 1 0 0 0/0 22:50 7:16 1:39
Ross Colton 1 0 1 1 2 1 0 0 1 0 0/0 6:12 0:00 0:00
Tyler Seguin 0 1 1 0 0 5 1 2 3 0 17/25 21:31 6:35 2:34
Players Stats for Tampa Bay Lightning
Player Name G A P +/- PIM S H SB GA TA FO MP PP MP PK MP
------------------------------------------------------------------------------------
Anze Kopitar 2 1 3 3 0 7 0 0 0 0 14/24 19:25 2:53 1:02
Blake Lizotte 0 0 0 0 0 0 0 0 0 0 0/0 0:59 0:00 0:37
Darnell Nurse 0 1 1 0 2 1 3 1 0 1 0/0 24:57 3:13 5:51
Dylan Cozens 0 0 0 -2 2 3 0 0 0 0 1/3 18:27 0:18 5:24
Gustav Nyquist 0 0 0 -1 0 1 1 0 0 1 0/0 15:42 0:12 5:49
Hampus Lindholm 0 0 0 -1 4 1 0 1 1 1 0/0 21:35 3:13 3:03
Johnny Gaudreau 0 2 2 3 2 1 0 0 1 1 1/4 17:32 2:35 0:00
Kirill Kaprizov 2 2 4 3 2 10 1 0 1 0 0/3 18:48 2:53 0:11
Logan Couture 0 0 0 -2 0 1 0 0 1 2 10/29 21:20 2:35 5:45
Michael Matheson 0 0 0 1 0 0 0 0 0 0 0/0 13:40 2:27 0:07
Moritz Seider 0 0 0 1 2 1 1 2 1 0 0/0 22:54 2:27 4:34
Roope Hintz 0 0 0 -1 0 3 0 0 0 0 0/0 10:55 2:47 0:00
Ryan Graves 0 1 1 0 0 0 1 1 0 2 0/0 16:58 0:00 5:04
Tomas Hertl 0 0 0 0 0 1 1 0 0 0 1/1 4:32 0:00 0:00
Travis Konecny 0 0 0 -2 2 4 1 0 1 0 0/2 18:22 2:35 0:00
Trevor Moore 0 0 0 -1 0 1 2 0 0 0 0/0 15:00 0:00 6:48
Tyler Toffoli 0 0 0 0 0 1 0 0 0 0 0/1 4:44 0:12 0:00
Vladislav Gavrikov 0 0 0 -1 0 0 1 1 0 2 0/0 21:14 0:00 6:57
3 Stars
1 - Kirill Kaprizov (TBL)
2 - Anze Kopitar (TBL)
3 - Mats Zuccarello (AZC)
Power Play
Arizona Coyotes - 2 on 8 Attempt(s) - 25.00%
Tampa Bay Lightning - 0 on 3 Attempt(s) - 0.00%
Penalty Kill
Arizona Coyotes - 3 on 3 Attempt(s) - 100.00%
- Score 0 goal in Penalty Kill
Tampa Bay Lightning - 6 on 8 Attempt(s) - 75.00%
- Score 0 goal in Penalty Kill
Team Stat
Arizona Coyotes - Hits : 15 - Faceoff Wins : 40 - Blocked Shots : 12 - Penalty Minutes : 6
Tampa Bay Lightning - Hits : 12 - Faceoff Wins : 27 - Blocked Shots : 6 - Penalty Minutes : 16
Official
Referees : Kelly Sutherland and Brad Meier
Linesman : Shandor Alphonso and Tony Sericolo
Game Notes
No Game Note
Finance
Level 1 -- Attendance: 6000 (100.00%) -- Ticket Income $570,000
Level 2 -- Attendance: 4762 (95.24%) -- Ticket Income $261,910
Level 3 -- Attendance: 2748 (91.60%) -- Ticket Income $87,936
Level 4 -- Attendance: 4787 (95.74%) -- Ticket Income $105,314
Luxury Box -- Attendance: 993 (99.30%) -- Ticket Income $191,649
Game was played at the Tampa Bay Times Forum.
Total Attendance: 19290 (96.45%)
Total Ticket Income: $1,216,809
Other Income: $425,883
Total Income: $1,642,692
Arizona Coyotes
5 vs 5 Forward
Center Left Wing Right Wing Time % Phy DF OF
1 Claude Giroux Mats Zuccarello Charlie Coyle 30 0 2 3
2 Tyler Seguin Mason McTavish Ondrej Palat 30 0 2 3
3 Erik Haula Jakob Silfverberg James van Riemsdyk 25 0 2 3
4 Ross Colton Brandon Tanev Brock McGinn 15 0 2 3
5 vs 5 Defense
Defense Defense Time % Phy DF OF
1 Jared Spurgeon Jani Hakanpaa 38 0 3 2
2 Brayden McNabb Radko Gudas 37 0 3 2
3 Johnathan Kovacevic Matt Dumba 25 0 3 2
4 Jared Spurgeon Jani Hakanpaa 0 1 2 2
PowerPlay Forward
Center Left Wing Right Wing Time % Phy DF OF
1 Claude Giroux Mats Zuccarello Charlie Coyle 50 0 2 3
2 Tyler Seguin Mason McTavish Ondrej Palat 50 0 2 3
PowerPlay Defense
Defense Defense Time % Phy DF OF
1 Jared Spurgeon Jani Hakanpaa 50 1 2 2
2 Brayden McNabb Radko Gudas 50 1 2 2
Penalty Kill 4 Players Forward
Center Wing Time % Phy DF OF
1 Claude Giroux Charlie Coyle 50 1 3 1
2 Mats Zuccarello Tyler Seguin 50 1 3 1
Penalty Kill 4 Players Defense
Defense Defense Time % Phy DF OF
1 Jared Spurgeon Jani Hakanpaa 50 1 3 1
2 Brayden McNabb Radko Gudas 50 1 3 1
Penalty Kill - 3 Players Forward
Forward Time % Phy DF OF
1 Claude Giroux 50 1 3 1
2 Charlie Coyle 50 1 3 1
Penalty Kill - 3 Players Defense
Defense Defense Time % Phy DF OF
1 Jared Spurgeon Jani Hakanpaa 50 1 3 1
2 Brayden McNabb Radko Gudas 50 1 3 1
4 vs 4 Forward
Center Wing Time % Phy DF OF
1 Claude Giroux Charlie Coyle 50 1 2 2
2 Mats Zuccarello Tyler Seguin 50 1 2 2
4 vs 4 Defense
Defense Defense Time % Phy DF OF
1 Jared Spurgeon Jani Hakanpaa 50 1 2 2
2 Brayden McNabb Radko Gudas 50 1 2 2
Last Minutes Offensive
Center Left Wing Right Wing Defense Defense
Claude Giroux Mats Zuccarello Charlie Coyle Jared Spurgeon Jani Hakanpaa
Last Minutes Defensive
Center Left Wing Right Wing Defense Defense
Claude Giroux Mats Zuccarello Charlie Coyle Jared Spurgeon Jani Hakanpaa
Goaltenders
Starting : Carter Hart
Backup : Jaroslav Halak
Extra Forwards
Normal : Erik Haula, Jakob Silfverberg, James van Riemsdyk - PP : Erik Haula, Jakob Silfverberg - PK : James van Riemsdyk
Extra Defensemen
Normal : Jared Spurgeon, Matt Dumba, Brayden McNabb - PP : Jani Hakanpaa - PK : Matt Dumba, Brayden McNabb
Penalty Shots
Charlie Coyle, Claude Giroux, Mats Zuccarello, Tyler Seguin, Mason McTavish
Tampa Bay Lightning
5 vs 5 Forward
Center Left Wing Right Wing Time % Phy DF OF
1 Anze Kopitar Johnny Gaudreau Kirill Kaprizov 40 0 1 4
2 Logan Couture Dylan Cozens Travis Konecny 35 0 1 4
3 Roope Hintz Trevor Moore Gustav Nyquist 20 0 3 2
4 Tomas Hertl Travis Konecny Tyler Toffoli 5 0 3 2
5 vs 5 Defense
Defense Defense Time % Phy DF OF
1 Darnell Nurse Moritz Seider 40 1 3 1
2 Vladislav Gavrikov Hampus Lindholm 35 1 3 1
3 Michael Matheson Ryan Graves 25 1 3 1
4 Darnell Nurse Hampus Lindholm 0 1 3 1
PowerPlay Forward
Center Left Wing Right Wing Time % Phy DF OF
1 Logan Couture Johnny Gaudreau Travis Konecny 50 0 0 5
2 Anze Kopitar Roope Hintz Kirill Kaprizov 50 0 0 5
PowerPlay Defense
Defense Defense Time % Phy DF OF
1 Moritz Seider Michael Matheson 50 0 2 3
2 Darnell Nurse Hampus Lindholm 50 0 2 3
Penalty Kill 4 Players Forward
Center Wing Time % Phy DF OF
1 Logan Couture Gustav Nyquist 50 1 4 0
2 Dylan Cozens Trevor Moore 50 1 4 0
Penalty Kill 4 Players Defense
Defense Defense Time % Phy DF OF
1 Vladislav Gavrikov Darnell Nurse 50 1 4 0
2 Ryan Graves Moritz Seider 50 1 4 0
Penalty Kill - 3 Players Forward
Forward Time % Phy DF OF
1 Anze Kopitar 50 1 4 0
2 Logan Couture 50 1 4 0
Penalty Kill - 3 Players Defense
Defense Defense Time % Phy DF OF
1 Vladislav Gavrikov Darnell Nurse 50 1 4 0
2 Ryan Graves Moritz Seider 50 1 4 0
4 vs 4 Forward
Center Wing Time % Phy DF OF
1 Anze Kopitar Dylan Cozens 50 0 3 2
2 Logan Couture Tomas Hertl 50 0 3 2
4 vs 4 Defense
Defense Defense Time % Phy DF OF
1 Darnell Nurse Hampus Lindholm 50 1 3 1
2 Moritz Seider Michael Matheson 50 1 3 1
Last Minutes Offensive
Center Left Wing Right Wing Defense Defense
Anze Kopitar Kirill Kaprizov Travis Konecny Darnell Nurse Hampus Lindholm
Last Minutes Defensive
Center Left Wing Right Wing Defense Defense
Anze Kopitar Kirill Kaprizov Travis Konecny Darnell Nurse Hampus Lindholm
Goaltenders
Starting : Filip Gustavsson
Backup : Jeremy Swayman
Extra Forwards
Normal : Dylan Cozens, Trevor Moore, Roope Hintz - PP : Dylan Cozens, Tyler Toffoli - PK : Anze Kopitar
Extra Defensemen
Normal : Moritz Seider, Darnell Nurse, Michael Matheson - PP : Ryan Graves - PK : Hampus Lindholm, Darnell Nurse
Penalty Shots
Gustav Nyquist, Kirill Kaprizov, Logan Couture, Trevor Moore, Anze Kopitar
% Time on Ice - Arizona Coyotes
Lines # - Real PCT - Wanted PCT - Time Play
Normal Forward
1 - 30% - 30% - 12:17
2 - 30% - 30% - 12:22
3 - 26% - 25% - 10:47
4 - 15% - 15% - 6:06
Normal Defense
1 - 40% - 38% - 16:46
2 - 34% - 37% - 13:56
3 - 26% - 25% - 10:50
4 - 0% - 0% - 0:00
PP Forward
1 - 45% - 50% - 5:47
2 - 55% - 50% - 7:01
PP Defense
1 - 43% - 50% - 5:32
2 - 57% - 50% - 7:16
PK Forward
1 - 55% - 50% - 3:06
2 - 45% - 50% - 2:34
PK Defense
1 - 46% - 50% - 2:35
2 - 54% - 50% - 3:05
PK3 Forward
1 - 0% - 50%
2 - 0% - 50%
PK3 Defense
1 - 0% - 50%
2 - 0% - 50%
44 Forward
1 - 0% - 50%
2 - 0% - 50%
44 Defense
1 - 0% - 50%
2 - 0% - 50%
Last Minute Offensive - 0:00
Last Minute Defensive - 0:00
Total
Forward - 60:00
Defense - 60:00
|
% Time on Ice - Tampa Bay Lightning
Lines # - Real PCT - Wanted PCT - Time Play
Normal Forward
1 - 39% - 40% - 16:20
2 - 31% - 35% - 12:53
3 - 19% - 20% - 7:47
4 - 11% - 5% - 4:32
Normal Defense
1 - 38% - 40% - 15:46
2 - 34% - 35% - 14:16
3 - 26% - 25% - 10:48
4 - 2% - 0% - 0:42
PP Forward
1 - 49% - 50% - 2:47
2 - 51% - 50% - 2:53
PP Defense
1 - 43% - 50% - 2:27
2 - 57% - 50% - 3:13
PK Forward
1 - 46% - 50% - 5:56
2 - 54% - 50% - 6:52
PK Defense
1 - 54% - 50% - 6:58
2 - 46% - 50% - 5:50
PK3 Forward
1 - 0% - 50%
2 - 0% - 50%
PK3 Defense
1 - 0% - 50%
2 - 0% - 50%
44 Forward
1 - 0% - 50%
2 - 0% - 50%
44 Defense
1 - 0% - 50%
2 - 0% - 50%
Last Minute Offensive - 0:00
Last Minute Defensive - 0:00
Total
Forward - 60:00
Defense - 60:00
|
Play-by-Play
1st period
0:01 of 1st period - Claude Giroux wins face-off versus Anze Kopitar in neutral zone.
0:31 of 1st period - Slapshot by Mason McTavish.
0:31 of 1st period - Shot Misses the Net.
1:14 of 1st period - Brayden McNabb is hit by Moritz Seider.
1:47 of 1st period - Slapshot by Roope Hintz.
1:47 of 1st period - Shot Misses the Net.
1:57 of 1st period - Backhand shot by Mats Zuccarello.
1:57 of 1st period - Stopped by Filip Gustavsson with a rebound.
2:11 of 1st period - Snap shot by Roope Hintz.
2:11 of 1st period - Stopped by Carter Hart with a rebound.
2:39 of 1st period - Backhand shot by Charlie Coyle.
2:39 of 1st period - Goal by Charlie Coyle - Arizona Coyotes : 1 - Tampa Bay Lightning : 0.
2:40 of 1st period - Anze Kopitar wins face-off versus Mason McTavish in neutral zone.
2:47 of 1st period - Slapshot by Tyler Seguin.
2:47 of 1st period - Stopped by Filip Gustavsson without a rebound.
2:48 of 1st period - Anze Kopitar wins face-off versus Tyler Seguin in Tampa Bay Lightning zone.
2:48 of 1st period - Anze Kopitar is hit by Johnathan Kovacevic.
2:56 of 1st period - Slapshot by Kirill Kaprizov.
2:56 of 1st period - Deflect By Johnny Gaudreau.
2:56 of 1st period - Deflect By Mason McTavish.
2:56 of 1st period - Shot Blocked by Johnathan Kovacevic.
2:56 of 1st period - Puck is out of play.
2:57 of 1st period - Erik Haula wins face-off versus Logan Couture in Arizona Coyotes zone.
3:39 of 1st period - Wrist shot by Travis Konecny.
3:39 of 1st period - Deflect By Brandon Tanev.
3:39 of 1st period - Stopped by Carter Hart without a rebound.
3:40 of 1st period - Anze Kopitar wins face-off versus Tyler Seguin in Arizona Coyotes zone.
3:41 of 1st period - Snap shot by Kirill Kaprizov.
3:41 of 1st period - Stopped by Carter Hart without a rebound.
3:42 of 1st period - Tyler Seguin wins face-off versus Anze Kopitar in Arizona Coyotes zone.
4:31 of 1st period - Wrist shot by Mats Zuccarello.
4:31 of 1st period - Shot Misses the Net.
4:55 of 1st period - Michael Matheson is hit by Matt Dumba and loses puck.
5:21 of 1st period - Off-side.
5:22 of 1st period - Tyler Seguin wins face-off versus Johnny Gaudreau in neutral zone.
5:38 of 1st period - Minor Penalty to Kirill Kaprizov for Tripping.
5:39 of 1st period - Claude Giroux wins face-off versus Logan Couture in Tampa Bay Lightning zone.
5:45 of 1st period - Slapshot by Claude Giroux.
5:45 of 1st period - Goal by Claude Giroux - Arizona Coyotes : 2 - Tampa Bay Lightning : 0.
5:46 of 1st period - Logan Couture wins face-off versus Erik Haula in neutral zone.
5:59 of 1st period - Wrist shot by Logan Couture.
5:59 of 1st period - Shot Misses the Net.
7:38 of 1st period - Mason McTavish is hit by Tomas Hertl and loses puck.
8:42 of 1st period - Backhand shot by Brock McGinn.
8:42 of 1st period - Stopped by Filip Gustavsson with a rebound.
9:22 of 1st period - Snap shot by Kirill Kaprizov.
9:22 of 1st period - Shot Misses the Net.
9:34 of 1st period - Wrist shot by James van Riemsdyk.
9:34 of 1st period - Shot Blocked by Moritz Seider.
9:54 of 1st period - Wrist shot by Ross Colton.
9:54 of 1st period - Shot Blocked by Moritz Seider.
9:56 of 1st period - Slapshot by Brandon Tanev.
9:56 of 1st period - Stopped by Filip Gustavsson with a rebound.
10:00 of 1st period - Wrist shot by Ross Colton.
10:00 of 1st period - Shot Misses the Net.
10:14 of 1st period - Slapshot by Mason McTavish.
10:14 of 1st period - Deflect By Logan Couture.
10:14 of 1st period - Stopped by Filip Gustavsson without a rebound.
10:15 of 1st period - Tyler Seguin wins face-off versus Logan Couture in Tampa Bay Lightning zone.
10:18 of 1st period - Wrist shot by Mason McTavish.
10:18 of 1st period - Stopped by Filip Gustavsson with a rebound.
10:20 of 1st period - Slapshot by Radko Gudas.
10:20 of 1st period - Shot Misses the Net.
10:22 of 1st period - Snap shot by Ondrej Palat.
10:22 of 1st period - Stopped by Filip Gustavsson without a rebound.
10:23 of 1st period - Erik Haula wins face-off versus Anze Kopitar in Tampa Bay Lightning zone.
10:28 of 1st period - Snap shot by James van Riemsdyk.
10:28 of 1st period - Deflect By Jakob Silfverberg.
10:28 of 1st period - Shot Misses the Net.
10:28 of 1st period - Puck is out of play.
10:29 of 1st period - Erik Haula wins face-off versus Kirill Kaprizov in Tampa Bay Lightning zone.
10:46 of 1st period - Snap shot by Kirill Kaprizov.
10:46 of 1st period - Stopped by Carter Hart with a rebound.
11:05 of 1st period - Moritz Seider is hit by Mason McTavish.
11:26 of 1st period - Off-side.
11:27 of 1st period - Anze Kopitar wins face-off versus Erik Haula in neutral zone.
11:34 of 1st period - Slapshot by Kirill Kaprizov.
11:34 of 1st period - Deflect By Erik Haula.
11:34 of 1st period - Stopped by Carter Hart with a rebound.
11:38 of 1st period - Wrist shot by Kirill Kaprizov.
11:38 of 1st period - Goal by Kirill Kaprizov - Arizona Coyotes : 2 - Tampa Bay Lightning : 1.
11:39 of 1st period - Mats Zuccarello wins face-off versus Logan Couture in neutral zone.
11:48 of 1st period - Slapshot by Charlie Coyle.
11:48 of 1st period - Stopped by Filip Gustavsson with a rebound.
11:54 of 1st period - Snap shot by Mats Zuccarello.
11:54 of 1st period - Stopped by Filip Gustavsson without a rebound.
11:55 of 1st period - Anze Kopitar wins face-off versus Tyler Seguin in Tampa Bay Lightning zone.
11:55 of 1st period - Anze Kopitar is hit by Brayden McNabb.
11:58 of 1st period - Minor Penalty to Hampus Lindholm for High sticking.
11:59 of 1st period - Tyler Seguin wins face-off versus Dylan Cozens in Tampa Bay Lightning zone.
11:59 of 1st period - Wrist shot by Mason McTavish.
11:59 of 1st period - Shot Misses the Net.
12:29 of 1st period - Wrist shot by Trevor Moore.
12:29 of 1st period - Shot Misses the Net.
12:32 of 1st period - Icing by Mats Zuccarello.
12:33 of 1st period - Dylan Cozens wins face-off versus Claude Giroux in Arizona Coyotes zone.
12:34 of 1st period - Wrist shot by Trevor Moore.
12:34 of 1st period - Shot Blocked by Radko Gudas.
12:45 of 1st period - Icing by Radko Gudas.
12:46 of 1st period - Claude Giroux wins face-off versus Logan Couture in Arizona Coyotes zone.
13:19 of 1st period - Gustav Nyquist is hit by Brayden McNabb and loses puck.
13:51 of 1st period - Snap shot by Mats Zuccarello.
13:51 of 1st period - Deflect By Charlie Coyle.
13:51 of 1st period - Shot Misses the Net.
13:51 of 1st period - Puck is out of play.
13:52 of 1st period - Tyler Seguin wins face-off versus Logan Couture in Tampa Bay Lightning zone.
13:53 of 1st period - Wrist shot by Mason McTavish.
13:53 of 1st period - Shot Blocked by Darnell Nurse.
13:55 of 1st period - Slapshot by Mason McTavish.
13:55 of 1st period - Stopped by Filip Gustavsson with a rebound.
13:58 of 1st period - Penalty to Hampus Lindholm is over, Hampus Lindholm is back on ice.
14:03 of 1st period - Wrist shot by Tyler Seguin.
14:03 of 1st period - Shot Misses the Net.
14:05 of 1st period - Snap shot by Tyler Seguin.
14:05 of 1st period - Shot Misses the Net.
14:07 of 1st period - Snap shot by Mason McTavish.
14:07 of 1st period - Stopped by Filip Gustavsson with a rebound.
14:37 of 1st period - Wrist shot by Gustav Nyquist.
14:37 of 1st period - Shot Misses the Net.
14:39 of 1st period - Slapshot by Vladislav Gavrikov.
14:39 of 1st period - Shot Blocked by Johnathan Kovacevic.
14:41 of 1st period - Snap shot by Hampus Lindholm.
14:41 of 1st period - Shot Blocked by Jakob Silfverberg.
14:43 of 1st period - Slapshot by Darnell Nurse.
14:43 of 1st period - Stopped by Carter Hart without a rebound.
14:44 of 1st period - Johnny Gaudreau wins face-off versus Tyler Seguin in Arizona Coyotes zone.
14:53 of 1st period - Wrist shot by Kirill Kaprizov.
14:53 of 1st period - Stopped by Carter Hart without a rebound.
14:54 of 1st period - Tyler Seguin wins face-off versus Kirill Kaprizov in Arizona Coyotes zone.
15:13 of 1st period - Snap shot by Kirill Kaprizov.
15:13 of 1st period - Shot Misses the Net.
15:15 of 1st period - Slapshot by Ryan Graves.
15:15 of 1st period - Shot Blocked by Jared Spurgeon.
15:17 of 1st period - Snap shot by Anze Kopitar.
15:17 of 1st period - Goal by Anze Kopitar - Arizona Coyotes : 2 - Tampa Bay Lightning : 2.
15:18 of 1st period - Claude Giroux wins face-off versus Travis Konecny in neutral zone.
15:31 of 1st period - Wrist shot by Mats Zuccarello.
15:31 of 1st period - Stopped by Filip Gustavsson with a rebound.
15:33 of 1st period - Snap shot by Claude Giroux.
15:33 of 1st period - Deflect By Mats Zuccarello.
15:33 of 1st period - Stopped by Filip Gustavsson with a rebound.
15:35 of 1st period - Wrist shot by Claude Giroux.
15:35 of 1st period - Stopped by Filip Gustavsson with a rebound.
15:45 of 1st period - Kirill Kaprizov is hit by Radko Gudas and loses puck.
16:12 of 1st period - Wrist shot by Gustav Nyquist.
16:12 of 1st period - Stopped by Carter Hart without a rebound.
16:13 of 1st period - Logan Couture wins face-off versus Claude Giroux in Arizona Coyotes zone.
16:16 of 1st period - Wrist shot by Travis Konecny.
16:16 of 1st period - Deflect By Mats Zuccarello.
16:16 of 1st period - Stopped by Carter Hart with a rebound.
16:44 of 1st period - Wrist shot by Kirill Kaprizov.
16:44 of 1st period - Stopped by Carter Hart without a rebound.
16:45 of 1st period - Anze Kopitar wins face-off versus Tyler Seguin in Arizona Coyotes zone.
16:56 of 1st period - Wrist shot by Kirill Kaprizov.
16:56 of 1st period - Shot Blocked by Johnathan Kovacevic.
16:58 of 1st period - Slapshot by Hampus Lindholm.
16:58 of 1st period - Shot Blocked by Johnathan Kovacevic.
17:00 of 1st period - Slapshot by Hampus Lindholm.
17:00 of 1st period - Stopped by Carter Hart without a rebound.
17:01 of 1st period - Claude Giroux wins face-off versus Logan Couture in Arizona Coyotes zone.
17:08 of 1st period - Slapshot by Claude Giroux.
17:08 of 1st period - Deflect By Charlie Coyle.
17:08 of 1st period - Shot Blocked by Vladislav Gavrikov.
17:08 of 1st period - Puck is out of play.
17:09 of 1st period - Claude Giroux wins face-off versus Logan Couture in Tampa Bay Lightning zone.
17:20 of 1st period - Snap shot by Charlie Coyle.
17:20 of 1st period - Shot Misses the Net.
17:22 of 1st period - Snap shot by Charlie Coyle.
17:22 of 1st period - Stopped by Filip Gustavsson with a rebound.
17:24 of 1st period - Wrist shot by Claude Giroux.
17:24 of 1st period - Shot Misses the Net.
17:26 of 1st period - Wrist shot by Charlie Coyle.
17:26 of 1st period - Shot Misses the Net.
17:28 of 1st period - Backhand shot by Charlie Coyle.
17:28 of 1st period - Stopped by Filip Gustavsson with a rebound.
17:30 of 1st period - Snap shot by Claude Giroux.
17:30 of 1st period - Deflect By Mats Zuccarello.
17:30 of 1st period - Goal by Mats Zuccarello - Arizona Coyotes : 3 - Tampa Bay Lightning : 2.
17:31 of 1st period - Erik Haula wins face-off versus Logan Couture in neutral zone.
17:37 of 1st period - Minor Penalty to Moritz Seider for Slashing.
17:38 of 1st period - Logan Couture wins face-off versus Ondrej Palat in Tampa Bay Lightning zone.
17:50 of 1st period - Wrist shot by Tyler Seguin.
17:50 of 1st period - Stopped by Filip Gustavsson with a rebound.
17:52 of 1st period - Slapshot by Jared Spurgeon.
17:52 of 1st period - Shot Blocked by Hampus Lindholm.
17:54 of 1st period - Wrist shot by Jani Hakanpaa.
17:54 of 1st period - Deflect By Trevor Moore.
17:54 of 1st period - Stopped by Filip Gustavsson without a rebound.
17:55 of 1st period - Claude Giroux wins face-off versus Logan Couture in Tampa Bay Lightning zone.
19:37 of 1st period - Penalty to Moritz Seider is over, Moritz Seider is back on ice.
19:54 of 1st period - Darnell Nurse is hit by Brayden McNabb and loses puck.
Goals for this period are 3 for Arizona Coyotes vs 2 for Tampa Bay Lightning.
Shots for this period are 21 for Arizona Coyotes vs 13 for Tampa Bay Lightning.
2nd period
0:01 of 2nd period - Tyler Seguin wins face-off versus Travis Konecny in neutral zone.
0:11 of 2nd period - Minor Penalty to Darnell Nurse for Tripping.
0:12 of 2nd period - Logan Couture wins face-off versus Tyler Seguin in Tampa Bay Lightning zone.
0:43 of 2nd period - Hampus Lindholm is hit by Ondrej Palat and loses puck.
0:56 of 2nd period - Wrist shot by Ondrej Palat.
0:56 of 2nd period - Deflect By Mason McTavish.
0:56 of 2nd period - Stopped by Filip Gustavsson with a rebound.
0:58 of 2nd period - Wrist shot by Ondrej Palat.
0:58 of 2nd period - Goal by Ondrej Palat - Arizona Coyotes : 4 - Tampa Bay Lightning : 2.
0:59 of 2nd period - Logan Couture wins face-off versus Claude Giroux in neutral zone.
1:35 of 2nd period - Snap shot by Kirill Kaprizov.
1:35 of 2nd period - Goal by Kirill Kaprizov - Arizona Coyotes : 4 - Tampa Bay Lightning : 3.
1:36 of 2nd period - Tyler Seguin wins face-off versus Logan Couture in neutral zone.
1:45 of 2nd period - Snap shot by Mason McTavish.
1:45 of 2nd period - Stopped by Filip Gustavsson without a rebound.
1:46 of 2nd period - Tyler Seguin wins face-off versus Logan Couture in Tampa Bay Lightning zone.
2:29 of 2nd period - Snap shot by Mason McTavish.
2:29 of 2nd period - Shot Misses the Net.
2:35 of 2nd period - Wrist shot by Ondrej Palat.
2:35 of 2nd period - Stopped by Filip Gustavsson with a rebound.
2:39 of 2nd period - Snap shot by Ondrej Palat.
2:39 of 2nd period - Goal by Ondrej Palat - Arizona Coyotes : 5 - Tampa Bay Lightning : 3.
2:40 of 2nd period - Anze Kopitar wins face-off versus Mats Zuccarello in neutral zone.
2:57 of 2nd period - Claude Giroux is hit by Darnell Nurse and loses puck.
4:09 of 2nd period - Jani Hakanpaa is hit by Vladislav Gavrikov and loses puck.
4:44 of 2nd period - Wrist shot by James van Riemsdyk.
4:44 of 2nd period - Shot Misses the Net.
4:46 of 2nd period - Slapshot by Radko Gudas.
4:46 of 2nd period - Stopped by Filip Gustavsson with a rebound.
4:48 of 2nd period - Snap shot by Radko Gudas.
4:48 of 2nd period - Stopped by Filip Gustavsson without a rebound.
4:49 of 2nd period - Logan Couture wins face-off versus Erik Haula in Tampa Bay Lightning zone.
4:58 of 2nd period - Dylan Cozens is hit by Radko Gudas and loses puck.
5:39 of 2nd period - Icing by Moritz Seider.
5:40 of 2nd period - Claude Giroux wins face-off versus Logan Couture in Tampa Bay Lightning zone.
6:01 of 2nd period - Wrist shot by Logan Couture.
6:01 of 2nd period - Shot Blocked by Brayden McNabb.
6:13 of 2nd period - Snap shot by Dylan Cozens.
6:13 of 2nd period - Stopped by Carter Hart with a rebound.
6:19 of 2nd period - Wrist shot by Logan Couture.
6:19 of 2nd period - Deflect By Travis Konecny.
6:19 of 2nd period - Stopped by Carter Hart without a rebound.
6:20 of 2nd period - Erik Haula wins face-off versus Anze Kopitar in Arizona Coyotes zone.
7:26 of 2nd period - Brandon Tanev is hit by Gustav Nyquist and loses puck.
8:05 of 2nd period - Minor Penalty to Radko Gudas for Hooking.
8:06 of 2nd period - Anze Kopitar wins face-off versus Claude Giroux in Arizona Coyotes zone.
8:13 of 2nd period - Slapshot by Anze Kopitar.
8:13 of 2nd period - Shot Misses the Net.
8:15 of 2nd period - Snap shot by Roope Hintz.
8:15 of 2nd period - Stopped by Carter Hart with a rebound.
8:17 of 2nd period - Wrist shot by Anze Kopitar.
8:17 of 2nd period - Stopped by Carter Hart with a rebound.
8:19 of 2nd period - Slapshot by Hampus Lindholm.
8:19 of 2nd period - Shot Misses the Net.
10:05 of 2nd period - Penalty to Radko Gudas is over, Radko Gudas is back on ice.
10:12 of 2nd period - Minor Penalty to Ross Colton for Hooking.
10:13 of 2nd period - Mats Zuccarello wins face-off versus Johnny Gaudreau in Arizona Coyotes zone.
10:24 of 2nd period - Jared Spurgeon is hit by Travis Konecny.
12:12 of 2nd period - Penalty to Ross Colton is over, Ross Colton is back on ice.
12:45 of 2nd period - Roope Hintz is hit by Erik Haula and loses puck.
13:21 of 2nd period - Gustav Nyquist is hit by Jani Hakanpaa and loses puck.
13:41 of 2nd period - Jani Hakanpaa is hit by Darnell Nurse and loses puck.
13:58 of 2nd period - Snap shot by Ross Colton.
13:58 of 2nd period - Goal by Ross Colton - Arizona Coyotes : 6 - Tampa Bay Lightning : 3.
13:59 of 2nd period - Tyler Seguin wins face-off versus Kirill Kaprizov in neutral zone.
14:06 of 2nd period - Slapshot by Tyler Seguin.
14:06 of 2nd period - Stopped by Filip Gustavsson without a rebound.
14:07 of 2nd period - Tyler Seguin wins face-off versus Johnny Gaudreau in Tampa Bay Lightning zone.
14:42 of 2nd period - Snap shot by Mats Zuccarello.
14:42 of 2nd period - Shot Misses the Net.
15:16 of 2nd period - Snap shot by Johnny Gaudreau.
15:16 of 2nd period - Shot Misses the Net.
15:25 of 2nd period - Off-side.
15:26 of 2nd period - Logan Couture wins face-off versus Tyler Seguin in neutral zone.
15:37 of 2nd period - Wrist shot by Logan Couture.
15:37 of 2nd period - Stopped by Carter Hart with a rebound.
15:39 of 2nd period - Slapshot by Darnell Nurse.
15:39 of 2nd period - Deflect By Dylan Cozens.
15:39 of 2nd period - Stopped by Carter Hart with a rebound.
15:41 of 2nd period - Wrist shot by Dylan Cozens.
15:41 of 2nd period - Stopped by Carter Hart without a rebound.
15:42 of 2nd period - Anze Kopitar wins face-off versus Claude Giroux in Arizona Coyotes zone.
15:45 of 2nd period - Slapshot by Kirill Kaprizov.
15:45 of 2nd period - Stopped by Carter Hart with a rebound.
15:47 of 2nd period - Snap shot by Anze Kopitar.
15:47 of 2nd period - Shot Blocked by Claude Giroux.
15:49 of 2nd period - Slapshot by Kirill Kaprizov.
15:49 of 2nd period - Stopped by Carter Hart without a rebound.
15:50 of 2nd period - Claude Giroux wins face-off versus Anze Kopitar in Arizona Coyotes zone.
16:05 of 2nd period - Wrist shot by Kirill Kaprizov.
16:05 of 2nd period - Stopped by Carter Hart with a rebound.
17:08 of 2nd period - Slapshot by Johnny Gaudreau.
17:08 of 2nd period - Shot Misses the Net.
17:34 of 2nd period - Radko Gudas is hit by Darnell Nurse.
17:40 of 2nd period - Snap shot by Claude Giroux.
17:40 of 2nd period - Stopped by Filip Gustavsson with a rebound.
17:50 of 2nd period - Wrist shot by Anze Kopitar.
17:50 of 2nd period - Goal by Anze Kopitar - Arizona Coyotes : 6 - Tampa Bay Lightning : 4.
17:51 of 2nd period - Tyler Seguin wins face-off versus Logan Couture in neutral zone.
17:57 of 2nd period - Minor Penalty to Travis Konecny for Cross-checking.
17:58 of 2nd period - Tyler Seguin wins face-off versus Logan Couture in Tampa Bay Lightning zone.
18:42 of 2nd period - Dylan Cozens is hit by Tyler Seguin and loses puck.
19:12 of 2nd period - Dylan Cozens is hit by Jared Spurgeon and loses puck.
19:57 of 2nd period - Penalty to Travis Konecny is over, Travis Konecny is back on ice.
Goals for this period are 3 for Arizona Coyotes vs 2 for Tampa Bay Lightning.
Shots for this period are 10 for Arizona Coyotes vs 12 for Tampa Bay Lightning.
3rd period
0:01 of 3rd period - Tyler Seguin wins face-off versus Anze Kopitar in neutral zone.
0:04 of 3rd period - Slapshot by Jani Hakanpaa.
0:04 of 3rd period - Deflect By Kirill Kaprizov.
0:04 of 3rd period - Stopped by Filip Gustavsson without a rebound.
0:05 of 3rd period - Anze Kopitar wins face-off versus Mason McTavish in Tampa Bay Lightning zone.
0:49 of 3rd period - Snap shot by Tyler Seguin.
0:49 of 3rd period - Stopped by Filip Gustavsson without a rebound.
0:50 of 3rd period - Logan Couture wins face-off versus Erik Haula in Tampa Bay Lightning zone.
1:15 of 3rd period - Claude Giroux is hit by Kirill Kaprizov and loses puck.
1:21 of 3rd period - Off-side.
1:22 of 3rd period - Anze Kopitar wins face-off versus Erik Haula in neutral zone.
1:25 of 3rd period - Snap shot by Anze Kopitar.
1:25 of 3rd period - Stopped by Carter Hart without a rebound.
1:26 of 3rd period - Anze Kopitar wins face-off versus Jakob Silfverberg in Arizona Coyotes zone.
1:41 of 3rd period - Snap shot by Anze Kopitar.
1:41 of 3rd period - Stopped by Carter Hart with a rebound.
1:43 of 3rd period - Wrist shot by Anze Kopitar.
1:43 of 3rd period - Stopped by Carter Hart with a rebound.
2:12 of 3rd period - Slapshot by Radko Gudas.
2:12 of 3rd period - Stopped by Filip Gustavsson with a rebound.
2:14 of 3rd period - Slapshot by Radko Gudas.
2:14 of 3rd period - Stopped by Filip Gustavsson without a rebound.
2:15 of 3rd period - Tyler Seguin wins face-off versus Logan Couture in Tampa Bay Lightning zone.
2:37 of 3rd period - Icing by Vladislav Gavrikov.
2:38 of 3rd period - Claude Giroux wins face-off versus Logan Couture in Tampa Bay Lightning zone.
3:04 of 3rd period - Off-side.
3:05 of 3rd period - Anze Kopitar wins face-off versus Tyler Seguin in neutral zone.
3:08 of 3rd period - Snap shot by Johnny Gaudreau.
3:08 of 3rd period - Stopped by Carter Hart with a rebound.
3:16 of 3rd period - Wrist shot by Mason McTavish.
3:16 of 3rd period - Deflect By Ondrej Palat.
3:16 of 3rd period - Stopped by Filip Gustavsson with a rebound.
3:34 of 3rd period - Erik Haula is hit by Trevor Moore.
3:40 of 3rd period - Snap shot by Trevor Moore.
3:40 of 3rd period - Stopped by Carter Hart without a rebound.
3:41 of 3rd period - Logan Couture wins face-off versus Ondrej Palat in Arizona Coyotes zone.
3:42 of 3rd period - Snap shot by Travis Konecny.
3:42 of 3rd period - Shot Blocked by Tyler Seguin.
3:54 of 3rd period - Snap shot by Ondrej Palat.
3:54 of 3rd period - Stopped by Filip Gustavsson without a rebound.
3:55 of 3rd period - Anze Kopitar wins face-off versus James van Riemsdyk in Tampa Bay Lightning zone.
5:30 of 3rd period - Slapshot by Travis Konecny.
5:30 of 3rd period - Deflect By Tyler Toffoli.
5:30 of 3rd period - Stopped by Carter Hart with a rebound.
5:40 of 3rd period - Matt Dumba is hit by Ryan Graves and loses puck.
6:13 of 3rd period - Icing by Kirill Kaprizov.
6:14 of 3rd period - Erik Haula wins face-off versus Anze Kopitar in Tampa Bay Lightning zone.
6:43 of 3rd period - Backhand shot by Ondrej Palat.
6:43 of 3rd period - Shot Blocked by Ryan Graves.
6:53 of 3rd period - Backhand shot by Anze Kopitar.
6:53 of 3rd period - Stopped by Carter Hart with a rebound.
6:55 of 3rd period - Slapshot by Michael Matheson.
6:55 of 3rd period - Shot Blocked by Tyler Seguin.
7:37 of 3rd period - Minor Penalty to Johnny Gaudreau for Hooking.
7:38 of 3rd period - Claude Giroux wins face-off versus Logan Couture in Tampa Bay Lightning zone.
9:37 of 3rd period - Penalty to Johnny Gaudreau is over, Johnny Gaudreau is back on ice.
9:48 of 3rd period - Snap shot by Tomas Hertl.
9:48 of 3rd period - Stopped by Carter Hart with a rebound.
11:04 of 3rd period - Minor Penalty to Hampus Lindholm for Hooking.
11:05 of 3rd period - Tyler Seguin wins face-off versus Dylan Cozens in Tampa Bay Lightning zone.
11:22 of 3rd period - Mason McTavish is hit by Trevor Moore and loses puck.
12:34 of 3rd period - Logan Couture is hit by Mats Zuccarello and loses puck.
13:04 of 3rd period - Penalty to Hampus Lindholm is over, Hampus Lindholm is back on ice.
13:23 of 3rd period - Backhand shot by Brandon Tanev.
13:23 of 3rd period - Shot Misses the Net.
13:37 of 3rd period - Snap shot by Travis Konecny.
13:37 of 3rd period - Shot Blocked by Matt Dumba.
13:39 of 3rd period - Slapshot by Moritz Seider.
13:39 of 3rd period - Stopped by Carter Hart without a rebound.
13:40 of 3rd period - Tomas Hertl wins face-off versus Erik Haula in Arizona Coyotes zone.
13:41 of 3rd period - Snap shot by Travis Konecny.
13:41 of 3rd period - Stopped by Carter Hart without a rebound.
13:42 of 3rd period - Erik Haula wins face-off versus Tyler Toffoli in Arizona Coyotes zone.
13:49 of 3rd period - Snap shot by James van Riemsdyk.
13:49 of 3rd period - Stopped by Filip Gustavsson with a rebound.
13:51 of 3rd period - Snap shot by Jakob Silfverberg.
13:51 of 3rd period - Shot Misses the Net.
13:53 of 3rd period - Slapshot by Brayden McNabb.
13:53 of 3rd period - Deflect By Jakob Silfverberg.
13:53 of 3rd period - Shot Hit the Post.
13:53 of 3rd period - Puck is out of play.
13:54 of 3rd period - Logan Couture wins face-off versus Claude Giroux in Tampa Bay Lightning zone.
13:54 of 3rd period - Logan Couture is hit by Brayden McNabb.
14:01 of 3rd period - Minor Penalty to Dylan Cozens for Roughing.
14:02 of 3rd period - Tyler Seguin wins face-off versus Anze Kopitar in Tampa Bay Lightning zone.
14:13 of 3rd period - Snap shot by Tyler Seguin.
14:13 of 3rd period - Shot Misses the Net.
15:54 of 3rd period - Wrist shot by Tyler Seguin.
15:54 of 3rd period - Stopped by Filip Gustavsson with a rebound.
16:01 of 3rd period - Penalty to Dylan Cozens is over, Dylan Cozens is back on ice.
16:16 of 3rd period - Slapshot by Mason McTavish.
16:16 of 3rd period - Shot Misses the Net.
16:18 of 3rd period - Slapshot by Radko Gudas.
16:18 of 3rd period - Shot Misses the Net.
16:20 of 3rd period - Wrist shot by Ondrej Palat.
16:20 of 3rd period - Stopped by Filip Gustavsson with a rebound.
16:22 of 3rd period - Wrist shot by Ondrej Palat.
16:22 of 3rd period - Deflect By Moritz Seider.
16:22 of 3rd period - Stopped by Filip Gustavsson without a rebound.
16:23 of 3rd period - Erik Haula wins face-off versus Anze Kopitar in Tampa Bay Lightning zone.
18:17 of 3rd period - Minor Penalty to Jani Hakanpaa for Roughing.
18:18 of 3rd period - Claude Giroux wins face-off versus Anze Kopitar in Arizona Coyotes zone.
18:31 of 3rd period - Snap shot by Roope Hintz.
18:31 of 3rd period - Stopped by Carter Hart without a rebound.
18:32 of 3rd period - Claude Giroux wins face-off versus Logan Couture in Arizona Coyotes zone.
Goals for this period are 0 for Arizona Coyotes vs 0 for Tampa Bay Lightning.
Shots for this period are 10 for Arizona Coyotes vs 11 for Tampa Bay Lightning.
Back to the Top